 Dungeon Crawl Stone Soup version 0.31-a0-702-gf82c85558f (webtiles) character file.

Game seed: 5864232442299537399

256 qw the Shooter (level 6, -5/38 HPs)
             Began as a Gargoyle Hunter on Sept 8, 2023.
             Slain by a worm (9 damage)
             ... on level 3 of the Dungeon.
             The game lasted 00:00:32 (1174 turns).

qw the Shooter (Gargoyle Hunter)                    Turns: 1174, Time: 00:00:32

Health: -5/38      AC:  7    Str: 15    XL:     6   Next: 16%
Magic:  6/6        EV: 11    Int:  9    God:
Gold:   87         SH:  0    Dex: 15    Spells: 5/5 levels left

rFire   . . .        Y - +0 shortbow (drain)
rCold   . . .        (shield currently unavailable)
rNeg    + . .        c - +0 leather armour
rPois   inf          (no helmet)
rElec   +            (no cloak)
rCorr   .            (no gloves)
SInv    .            (no boots)
Will    .....        (no amulet)
Stlth   ++           (no ring)
HPRegen 0.26/turn    (no ring)
MPRegen 0.10/turn

%: no passive effects
@: no status effects
A: sickness immunity, AC +4, negative energy resistance 1, electricity
resistance, torment resistance 1, petrification resistance
a: no special abilities


You were on level 3 of the Dungeon.
You visited 1 branch of the dungeon, and saw 3 of its levels.

You collected 87 gold pieces.


Innate Abilities, Weirdness & Mutations

You are immune to sickness and miasma.
Your stone body is resilient. (AC +4)
You are immune to poison.
You resist negative energy. (rN+)
You are resistant to electric shocks. (rElec)
You are resistant to unholy torment.
You are immune to petrification.


   Skills:
 + Level 3.8 Fighting
 - Level 6.6 Ranged Weapons
 - Level 1.5 Dodging
 - Level 1.1 Stealth


You had 5 spell levels left.
You didn't know any spells.
Your spell library was empty.

Inventory:

Hand Weapons
 Y - a +0 shortbow of draining (weapon)
Armour
 c - a +0 leather armour (worn)
Scrolls
 e - 2 scrolls of enchant armour
Potions
 a - a potion of curing {unknown}
 b - a potion of mutation {unknown}
 d - a potion of haste {unknown}
 h - a potion of heal wounds {unknown}

Dungeon Overview and Level Annotations

Branches:
Dungeon (3/15)

Altars:


Message History

You shoot an arrow. The arrow hits Terence!
Terence is moderately wounded.
Terence closely misses you.
You shoot an arrow. The arrow hits Terence.
Terence is severely wounded.
Terence hits you but does no damage.
You shoot an arrow.
The arrow hits Terence but does no damage.
You drain Terence.
Terence is almost dead.
Terence closely misses you.
You shoot an arrow. The arrow hits Terence!
You kill Terence!
Partly explored, can't reach some places.
What level of the Dungeon? (default 3, ? - help)
You climb downwards.
The goblin hits you with a +0 club. The worm bites you! The iguana bites you!
There is a stone staircase leading up here.
You shoot an arrow. The arrow hits the iguana.
The iguana is moderately wounded.
The goblin barely misses you.
The iguana bites you but does no damage.
The worm bites you.
You shoot an arrow.
The arrow hits the iguana but does no damage.
The iguana is moderately wounded.
The goblin hits you but does no damage. The iguana misses you.
The worm bites you.
You shoot an arrow. The arrow barely misses the iguana.
The goblin barely misses you. The iguana bites you!
The goblin closely misses you. The iguana barely misses you.
You shoot an arrow. The arrow closely misses the iguana.
The worm barely misses you. The goblin barely misses you.
The iguana closely misses you.
You shoot an arrow.
The arrow hits the iguana but does no damage.
The iguana is moderately wounded.
The goblin hits you but does no damage. The iguana misses you.
The worm bites you!
You die...

.. ...
....
....######
.........#
.........#
#....lg.#
#..$..@.#
........w#
##....^..#
#.......#
#.......#
#.......#
#.......#
#########


You could see a worm, an iguana and a goblin.

Vanquished Creatures
  Sigmund (D:2)
  Terence (D:2)
  2 adders (D:2)
  3 dart slugs
  A bat (D:1)
  7 endoplasms
  2 giant cockroaches
  5 goblins (D:1)
  4 hobgoblins
  4 jackals
  5 quokkas
  5 frilled lizards
  5 kobolds
  4 rats
49 creatures vanquished.

Notes
Turn   | Place    | Note
-------+----------+-------------------------------------------
     0 | D:1      | qw the Gargoyle Hunter began the quest for the Orb.
     0 | D:1      | Reached XP level 1. HP: 12/12 MP: 1/1
     0 | D:1      | 0 ||| qw: Version: 0.3-a-76-g4403597
     0 | D:1      | 0 ||| qw: Game counter: 1123
     0 | D:1      | 0 ||| qw: Melee chars always use a shield: true
     0 | D:1      | 0 ||| qw: God list: Okawaru
     0 | D:1      | 0 ||| qw: Allow faded altars: false
     0 | D:1      | 0 ||| qw: Do Orc after clearing Dungeon:15 true
     0 | D:1      | 0 ||| qw: Do second Lair branch before Depths: true
     0 | D:1      | 0 ||| qw: Lair rune preference: random
     0 | D:1      | 0 ||| qw: Goals: Normal
     0 | D:1      | 0 ||| PLANNING D:1-11
    56 | D:1      | Reached XP level 2. HP: 17/17 MP: 2/2
   234 | D:1      | Reached XP level 3. HP: 21/21 MP: 3/3
   300 | D:1      | Reached skill level 5 in Ranged Weapons
   466 | D:1      | 466 ||| READING scroll labelled IFUNALY KOATZ.
   467 | D:1      | 467 ||| READING 3 scrolls labelled LILEOCZAELOJE.
   468 | D:1      | 468 ||| READING scroll labelled ALEODO CAGHID.
   469 | D:1      | 469 ||| READING scroll labelled ZIUQUL OCIORCH.
   470 | D:1      | 470 ||| READING scroll labelled KEUSCH USOAVA.
   471 | D:1      | 471 ||| DROPPING scroll of butterflies.
   534 | D:2      | Found a faded altar of an unknown god.
   642 | D:2      | Reached skill level 3 in Fighting
   661 | D:2      | Reached XP level 4. HP: 28/28 MP: 4/4
   726 | D:2      | Noticed Sigmund
   730 | D:2      | Killed Sigmund
   731 | D:2      | Reached skill level 6 in Ranged Weapons
   731 | D:2      | Reached XP level 5. HP: 30/32 MP: 5/5
   782 | D:2      | Identified the +5 chain mail of Amorality {rN+}
   820 | D:2      | Reached XP level 6. HP: 36/37 MP: 6/6
  1160 | D:3      | Noticed Terence
  1161 | D:3      | 1161 ||| STAIRDANCE
  1167 | D:2      | Killed Terence
  1172 | D:3      | HP: 3/38 [iguana (12)]
  1174 | D:3      | Slain by a worm

Levels and vault maps discovered:
D:1:      amcnicky_arrival_feature_with_door, layout_rooms
D:2:      layout_loops_ring, shapermc_ecumenical_altar_mp_ritualfount,
          hangedman_decor_riveting, chequers_serial_rivers_small_3,
          kennysheep_generic_room_12, uniq_sigmund
D:3:      minmay_recursive_quarters, layout_rooms, gammafunk_ghost_arena,
          minivault_26, uniq_crazy_yiuf_cottage, uniq_terence

Skill      XL: |  1  2  3  4 |
---------------+-------------+-----
Ranged Weapons | 5 6 |  6.6
Fighting       | 3 |  3.8
Dodging        | |  1.5
Stealth        | |  1.1

Action                     |  1- 3 |  4- 6 || total
---------------------------+-------+-------++-------
   Fire: Shortbow          |    92 |    39 ||   131
    Use: Scroll            |     5 |       ||     5
 Armour: Leather armour    |    26 |    16 ||    42
  Dodge: Dodged            |    36 |    14 ||    50

Table legend:
 A = Non-vault XP
 B = Vault XP
 C = Vault XP percentage of total XP
 D = Non-vault monster count
 E = Vault monster count
 F = Vault count percentage of total count
                 A         B        C        D         E       F
            +---------+---------+-------+---------+---------+-------
      Total |     108 |     259 |  70.6 |      47 |       2 |   4.1
            +---------+---------+-------+---------+---------+-------
        D:1 |      45 |       0 |   0.0 |      27 |       0 |   0.0
        D:2 |      63 |     259 |  80.4 |      20 |       2 |   9.1
            +---------+---------+-------+---------+---------+-------
